 Dungeon Crawl Stone Soup version 0.28.0-1-gb440e238dd (webtiles) character file.

Game seed: 16000612748305307726

2023 issech the Cudgeller (level 9, -2/76 HPs)
             Began as a Troll Monk on Feb 27, 2022.
             Was a Believer of Hepliaklqana.
             Succumbed to a kobold brigand's curare-tipped dart
             ... in a sewer.
             The game lasted 00:20:25 (5144 turns).

issech the Cudgeller (Troll Monk)                   Turns: 5144, Time: 00:20:26

Health: -2/76      AC:  4    Str: 21    XL:     9   Next: 3%
Magic:  17/17      EV: 12    Int:  6    God:    Hepliaklqana [**....]
Gold:   347        SH:  0    Dex: 16    Spells: 8/8 levels left

rFire   . . .      SeeInvis .   A - +3 club (spect)
rCold   . . .      Faith    .   (no shield)
rNeg    . . .      Spirit   .   b - +0 robe
rPois   .          Reflect  .   (helmet restricted)
rElec   .          Harm     .   (no cloak)
rCorr   .          Rampage  .   (gloves unavailable)
Will    .....                   (boots unavailable)
Stlth   ++........              (no amulet)
HPRegen 1.02/turn               d - ring of magical power
MPRegen 0.15/turn               (no ring)

@: lethally poisoned (-2 -> -13), flying, slowed, very slow
A: reduced essence, large, unfitting armour, claws 3, regeneration 1, shaggy fur
1, tough skin 1
a: Renounce Religion, Recall Ancestor, Ancestor Identity


You were in a sewer.
You worshipped Hepliaklqana.
Hepliaklqana was pleased with you.
You visited 2 branches of the dungeon, and saw 7 of its levels.
You also visited: Sewer.

You collected 347 gold pieces.

Inventory:

Hand Weapons
 a - a +0 mace of draining
 n - a +1 dagger of venom
 p - a +1 vampiric whip
 r - a +2 quarterstaff of chaos
 u - a +3 scythe
 y - a +3 dagger
 A - a +3 spectral club (weapon)
 D - a +4 short sword
 F - a +0 shortbow
Missiles
 c - 76 stones (quivered)
 f - 22 bolts
 o - 85 arrows
 t - 17 sling bullets
 v - 5 atropa-tipped darts
 C - a boomerang
Armour
 b - a +0 robe (worn)
 s - a +0 cloak
 x - a +0 cloak of stealth
 E - a +0 cloak
Jewellery
 d - a ring of magical power (left claw)
Wands
 q - a wand of polymorph (18)
 G - a wand of flame (10)
Scrolls
 h - a scroll of teleportation
 k - 2 scrolls of fog
 m - a scroll of amnesia
 w - 2 scrolls of enchant armour
Potions
 e - a potion of haste {unknown}
 g - a potion of might
 i - 2 potions of curing {unknown}
 j - a potion of experience {unknown}
 l - 2 potions of flight
 z - 2 potions of attraction {unknown}
 B - 2 potions of brilliance {unknown}


   Skills:
 + Level 4.6 Fighting
 + Level 6.0(6.7) Maces & Flails
 + Level 3.7(5.2) Staves
 + Level 5.5 Dodging
 + Level 3.1 Stealth


You had 8 spell levels left.
You didn't know any spells.
Your spell library contained the following spells:

 Spells                   Type           Power      Damage    Failure   Level
 Blink                    Tloc           0%         N/A       58%         2
 Ensorcelled Hibernation  Hex/Ice        0%         N/A       58%         2
 Ozocubu's Armour         Ice            0%         N/A       83%         3
 Spider Form              Tmut/Pois      0%         N/A       83%         3
 Stone Arrow              Conj/Erth      0%         3d7       83%         3
 Tukima's Dance           Hex            0%         N/A       83%         3
 Anguish                  Hex/Necr       0%         N/A       99%         4
 Animate Armour           Summ/Erth      0%         N/A       99%         4
 Manifold Assault         Tloc           0%         N/A       100%        5
 Enfeeble                 Hex            0%         N/A       100%        7
 Ozocubu's Refrigeration  Ice            0%         4d5       100%        7
 Storm Form               Tmut/Air       0%         N/A       100%        7
 Lehudib's Crystal Spear  Conj/Erth      0%         10d2      100%        8


Dungeon Overview and Level Annotations

Branches:
Dungeon (6/15)             Temple (1/1) D:4           Sewer (1/1)

Altars:
Ashenzari
Cheibriados
Dithmenos
Elyvilon
Gozag
Hepliaklqana
Kikubaaqudgha
Makhleb
Nemelex Xobeh
Okawaru
Qazlal
Ru
Sif Muna
Trog
Uskayaw
Vehumet
Wu Jian
Xom
Yredelemnul
Zin
The Shining One


Innate Abilities, Weirdness & Mutations

Your life essence is reduced to manifest your ancestor. (-10% HP)
You are too large for most types of armour.
You have claws for hands.
Your natural rate of healing is unusually fast.
You are covered in fur. (AC +1)
You have tough skin. (AC +1)


Message History

You closely miss the kobold brigand.
The kobold brigand is almost dead.
Your +3 spectral club barely misses the kobold brigand.
You feel sick.
You are no longer poisoned.
The kobold brigand barely misses you.
The kobold brigand hits you with a +0 short sword!
* * * LOW HITPOINT WARNING * * *
The kobold hits you with a +0 whip.
* * * LOW HITPOINT WARNING * * *
The kobold shoots a bolt.
The bolt hits your +3 spectral club!
Your spectral weapon shares its damage with you!
* * * LOW HITPOINT WARNING * * *
The kobold brigand closely misses you. The kobold brigand misses you.
The kobold closely misses you.
You swap places.
The kobold shoots a bolt.
The bolt hits you!
* * * LOW HITPOINT WARNING * * *
Nkonkoni hits the kobold with a +0 quarterstaff!
The kobold dies!
The kobold brigand hits Nkonkoni with a +0 short sword.
The kobold brigand throws a curare-tipped dart.
The curare-tipped dart barely misses Nkonkoni.
The curare-tipped dart hits you.
You are lethally poisoned!
You have difficulty breathing.
* * * LOW HITPOINT WARNING * * *
You feel as though you will be slow longer.
The kobold shoots a bolt.
The bolt barely misses you.
Nkonkoni gestures at the kobold brigand while chanting.
The stone arrow hits the kobold brigand.
The kobold brigand dies!
You have reached level 9!
Your experience leads to an increase in your attributes!
Increase (S)trength, (I)ntelligence, or (D)exterity?
You feel agile. x2; You feel stronger.
Nkonkoni remembers more of their old skill.
It was a potion of flight.
You feel very buoyant.
You fly up into the air.
You die...

##### ####
#.P.####..#######
.....##....P....#
................##
.................######
.................#K..!#
..........P......§K!..#
≈..≈≈≈..≈≈≈≈....@R).∩!#
≈...P≈≈P≈≈P≈P....#K!..#
#######≈≈≈#################
≈ ≈≈≈≈≈≈≈≈≈≈≈≈≈≈≈≈≈≈≈≈≈#
≈≈≈ ≈≈≈≈≈≈≈≈≈≈≈≈≈≈≈≈≈≈≈≈≈#
≈≈≈ ≈≈≈≈≈≈≈≈≈≈≈≈≈≈≈≈≈≈≈#
≈############≈≈########'###
≈≈≈........≈P≈≈P.# #...#
≈≈.........≈≈P≈..+ #.∩.#


You could see the friendly Nkonkoni the battlemage, a kobold brigand and 2
kobolds.

Vanquished Creatures
  Sigmund (D:6)
  Menkaure (D:5)
  A centaur (D:5)
  2 bullfrogs (D:6)
  2 scorpions
  A bullfrog zombie (D:5)
  An orc priest (D:6)
  3 hounds
  Crazy Yiuf (D:3)
  Jessica (D:3)
  4 gnolls (D:4)
  2 adders
  2 shadow imps
  2 ufetubi
  An adder skeleton (D:4)
  A worm (D:2)
  2 dart slugs
  10 orcs
  9 ball pythons
  5 bats
  8 endoplasms
  3 giant cockroaches
  8 hobgoblins
  6 jackals
  7 kobolds
  4 quokkas
  3 frilled lizards
  8 goblins
  6 rats
105 creatures vanquished.

Vanquished Creatures (collateral kills)
  Grinder (D:5)
  Eustachio (D:6)
  A water moccasin (D:6)
  An ice beast (D:6)
  A kobold brigand (Sewer)
  2 water moccasin skeletons
  A centaur zombie (D:5)
  A bullfrog zombie (D:5)
  A hound (D:5)
  A jelly (D:6)
  A gnoll shaman (D:6)
  Ijyb (D:5)
  3 orc wizards
  An iguana (D:5)
  A scorpion zombie (D:5)
  2 ufetubi
  5 orcs
  2 bats (Sewer)
  3 giant cockroaches (D:6)
  A kobold (Sewer)
  A quokka (D:5)
  A ball python (Sewer)
33 creatures vanquished.

Vanquished Creatures (others)
  2 fungi (Sewer)
  3 plants
5 creatures vanquished.

Grand Total: 143 creatures vanquished

Notes
Turn   | Place    | Note
-------+----------+-------------------------------------------
     0 | D:1      | issech the Troll Monk began the quest for the Orb.
     0 | D:1      | Reached XP level 1. HP: 22/22 MP: 0/0
   233 | D:1      | Reached XP level 2. HP: 29/29 MP: 1/1
   300 | D:1      | Reached skill level 3 in Maces & Flails
   755 | D:2      | Reached XP level 3. HP: 36/36 MP: 2/2
   804 | D:2      | Identified the +1 leather armour of a Million Olives {-Cast
                  | rF+ rN+ Str-3 Dex+3}
  1577 | D:3      | Reached XP level 4. HP: 44/44 MP: 3/3
  2093 | D:3      | Found a faded altar of an unknown god.
  2194 | D:3      | Found a runed translucent door.
  2195 | D:3      | Noticed Crazy Yiuf
  2267 | D:3      | Noticed Jessica
  2289 | D:3      | Killed Jessica
  2290 | D:3      | Reached skill level 4 in Maces & Flails
  2290 | D:3      | Reached XP level 5. HP: 45/53 MP: 4/4
  2573 | D:3      | Killed Crazy Yiuf
  2967 | D:4      | Reached XP level 6. HP: 43/61 MP: 5/5
  2987 | D:4      | Found a staircase to the Ecumenical Temple.
  3401 | Temple   | Entered the Ecumenical Temple
  3437 | Temple   | Became a worshipper of Hepliaklqana the Forgotten
  3437 | Temple   | Reached * piety under Hepliaklqana
  3437 | Temple   | Reached ** piety under Hepliaklqana
  3438 | Temple   | Remembered your ancestor Nkonkoni as a battlemage
  3843 | D:5      | Entered Level 5 of the Dungeon
  3843 | D:5      | Noticed Ijyb
  3847 | D:5      | Reached skill level 1 in Staves
  3852 | D:5      | Killed Ijyb
  3916 | D:5      | Found an ancient bone altar of Kikubaaqudgha.
  4064 | D:5      | Reached XP level 7. HP: 37/60 MP: 6/6
  4394 | D:5      | Noticed Grinder
  4404 | D:5      | Noticed Menkaure
  4405 | D:5      | Killed Grinder
  4406 | D:5      | Reached skill level 5 in Maces & Flails
  4412 | D:5      | Killed Menkaure
  4413 | D:5      | Reached XP level 8. HP: 67/70 MP: 7/7
  4622 | D:6      | Noticed Sigmund
  4631 | D:6      | Reached skill level 5 in Dodging
  4635 | D:6      | Killed Sigmund
  4837 | D:6      | Noticed Eustachio
  4855 | D:6      | Killed Eustachio
  4856 | D:6      | Reached skill level 6 in Maces & Flails
  4967 | D:6      | Found a glowing drain.
  4992 | Sewer    | Entered a sewer
  5143 | Sewer    | HP: 3/71 [asphyx]
  5144 | Sewer    | Reached XP level 9. HP: 3/76 MP: 8/8
  5144 | Sewer    | Succumbed to a kobold brigand's curare-tipped dart

Illustrated notes

Levels and vault maps discovered:
D:1:      erik_arrival_orb_chamber, layout_loops_ring
D:2:      layout_loops_cross
D:3:      layout_basic, shapermc_ecumenical_altar_notcrosses,
          minmay_misc_feat_hallway, grunt_ministairs_1, uniq_crazy_yiuf_cottage,
          uniq_jessica
D:4:      layout_basic, temple_pool_b, serial_bayou_lagoon_a
D:5:      layout_basic, nicolae_kikubaaqudgha_miasma_corner, uniq_grinder,
          uniq_ijyb, uniq_menkaure
D:6:      minmay_diamond_boxcup, layout_layer_cave, gup_sewer_entry_glass,
          serial_rivers, chequers_serial_rivers_marsh,
          chequers_serial_rivers_small_3, chequers_serial_rivers_small_b,
          chequers_serial_rivers_large_b, uniq_sigmund, uniq_eustachio
Temple:   mainiacjoe_temple_big_plus
Sewer:    kennysheep_pipe_town

Skill      XL: |  1  2  3  4  5  6  7  8 |
---------------+-------------------------+-----
Maces & Flails | 3 4 5 6 |  6.0
Dodging        | 3 4 5 |  5.5
Fighting       | 3 4 |  4.6
Staves         | 1 3 |  3.7
Stealth        | 2 3 |  3.1

Action                   |  1- 3 |  4- 6 |  7- 9 || total
-------------------------+-------+-------+-------++-------
Melee: Mace              |   143 |    62 |       ||   205
       Punch             |     2 |     2 |     2 ||     6
       Quarterstaff      |       |    42 |       ||    42
       Club              |       |    17 |   123 ||   140
Throw: Stone             |       |     1 |       ||     1
Invok: Ancestor Life: Ba |       |     1 |       ||     1
  Use: Scroll            |       |       |     7 ||     7
       Potion            |       |       |     1 ||     1
 Stab: Sleeping          |     4 |     3 |     2 ||     9
Armor: Robe              |    54 |    28 |    46 ||   128
Dodge: Dodged            |    79 |    71 |   111 ||   261
